 Dungeon Crawl Stone Soup version 0.28-a0-529-g3bad584f25 (webtiles) character file.

Game seed: 11352626893972508179

73 sleeves the Slasher (level 4, 0/35 HPs)
             Began as a Demonspawn Fighter on Sept 24, 2021.
             Was a Believer of Uskayaw.
             Slain by a wyvern (9 damage)
             ... on level 4 of the Dungeon.
             The game lasted 00:01:43 (1492 turns).

sleeves the Slasher (Demonspawn Fighter)            Turns: 1492, Time: 00:01:44

Health: 0/35       AC:  8    Str: 18    XL:     4   Next: 8%
Magic:  4/4        EV:  9    Int:  9    God:    Uskayaw [**....]
Gold:   37         SH:  4    Dex: 12    Spells: 3/3 levels left

rFire   . . .      SeeInvis .   a - +0 long sword
rCold   . . .      Faith    .   c - +0 buckler
rNeg    . . .      Spirit   .   b - +0 scale mail
rPois   .          Reflect  .   (no helmet)
rElec   .          Harm     .   (no cloak)
rCorr   .          Rampage  .   (no gloves)
Will    .....                   (no boots)
Stlth   ..........              (no amulet)
HPRegen 0.11/turn               (no ring)
MPRegen 0.09/turn               (no ring)

@: mighty
A: claws 1, slimy green scales 1
a: Renounce Religion, Stomp, Line Pass


You were on level 4 of the Dungeon.
You worshipped Uskayaw.
Uskayaw was noncommittal.
You visited 1 branch of the dungeon, and saw 3 of its levels.

You collected 37 gold pieces.

Inventory:

Hand Weapons
 a - a +0 long sword (weapon)
Armour
 b - a +0 scale mail (worn)
 c - a +0 buckler (worn)
Scrolls
 f - 2 scrolls of identify {unknown}
 h - a scroll of magic mapping {unknown}
 i - a scroll of vulnerability {unknown}
Potions
 d - a potion of might
 e - a potion of cancellation {unknown}
 g - a potion of heal wounds {unknown}


   Skills:
 - Level 3.0 Fighting
 + Level 4.0 Long Blades
 - Level 2.6 Armour
 - Level 2.6 Shields


You had 3 spell levels left.
You didn't know any spells.
Your spell library was empty.

Dungeon Overview and Level Annotations

Branches:
Dungeon (2/15)

Altars:
Uskayaw


Innate Abilities, Weirdness & Mutations

You have sharp fingernails.
You are partially covered in slimy green scales. (AC +2)


Message History

Welcome, sleeves the Demonspawn Fighter.
Will you prevail where others failed? Will you find the Orb of Zot?
Press ? for a list of commands and other information.
Found a scroll labelled KAOR CAG KICO, a lumpy pink potion and 11 stones.
Found a staircase leading out of the dungeon.
Unknown command.
e - a lumpy pink potion
There is a staircase leading out of the dungeon here.
Found a stone staircase leading down.
f - a scroll labelled KAOR CAG KICO
Found a ring mail.
No target in view!
No target in view!
You see here a +0 ring mail.
A rat comes into view.
A rat is nearby!
A rat is nearby!
A rat is nearby!
You hit the rat.
You kill the rat!
No target in view!
g - a bubbling red potion
h - a scroll labelled MAIXAUBBIH No target in view!
No target in view!
No target in view!
As you open the door, it creaks loudly!
A frilled lizard comes into view.
The frilled lizard hisses angrily.
You hear an angry hiss.
A ball python comes into view.
There are monsters nearby!
There is an open door here.
You hit the ball python.
You kill the ball python!
A quokka comes into view.
You barely miss the quokka. The quokka bites you.
You hit the quokka.
You kill the quokka!
Your Long Blades skill increases to level 2!
You closely miss the frilled lizard. You block the frilled lizard's attack.
You hit the frilled lizard.
You kill the frilled lizard!
No target in view!
No target in view!
No target in view!
No target in view!
No target in view!
No target in view!
No target in view!
No target in view!
No target in view!
No target in view!
No target in view!
No target in view!
No target in view!
HP restored.
You see here a ball python corpse.
A giant cockroach comes into view.
A giant cockroach is nearby!
A giant cockroach is nearby!
You hit the giant cockroach.
The giant cockroach is severely wounded.
The giant cockroach barely misses you. The giant cockroach closely misses you.
You hit the giant cockroach.
You kill the giant cockroach!
A goblin comes into view. It is wielding a +0 dagger.
The goblin shouts!
A goblin is nearby!
A goblin is nearby!
The goblin closely misses you.
You hit the goblin.
You kill the goblin!
No target in view!
No target in view!
No target in view!
No target in view!
Things that are here:
a +0 dagger; a goblin corpse
Found a stone staircase leading down.
Found a hunting sling.
There is a stone staircase leading down here.
No target in view!
No target in view!
A kobold comes into view. It is wielding a +0 club.
The kobold shouts!
A kobold is nearby!
A kobold is nearby!
The kobold closely misses you.
You barely miss the kobold. The kobold closely misses you.
You hit the kobold.
You kill the kobold!
No target in view!
No target in view!
No target in view!
No target in view!
You see here a +0 club.
You see here a +0 club.
You see here a +0 hunting sling.
A kobold comes into view. It is wielding a +0 club.
The kobold shouts!
A kobold is nearby!
A kobold is nearby!
A kobold is nearby!
A ball python comes into view.
The ball python hisses angrily.
The kobold throws a stone.
The stone barely misses you.
You barely miss the kobold. The kobold hits you with a +0 club.
The ball python completely misses you. You block the ball python's attack.
You closely miss the kobold. The kobold closely misses you.
The ball python bites you. The ball python grabs you.
The ball python constricts you. The kobold hits you but does no damage.
You closely miss the ball python. The ball python bites you.
The ball python constricts you. The kobold hits you but does no damage.
The ball python bites you. The ball python constricts you.
You hit the ball python.
You kill the ball python!
The kobold hits you but does no damage.
You have reached level 2!
Your demonic ancestry asserts itself...
Slimy green scales grow over part of your body.
You barely miss the kobold. You block the kobold's attack.
You closely miss the kobold. The kobold completely misses you.
The kobold barely misses you.
You hit the kobold.
You kill the kobold!
Things that are here:
a +0 club; 4 stones; a kobold corpse You start resting.
HP restored.
A goblin comes into view. It is wielding a +0 dagger.
The goblin shouts!
You see here 11 gold pieces.
A goblin is nearby!
A goblin is nearby!
A goblin is nearby!
You closely miss the goblin. The goblin hits you with a +0 dagger.
You completely miss the goblin. The goblin barely misses you.
You slash the goblin!
You kill the goblin!
No target in view!
No target in view!
No target in view!
No target in view!
You now have 11 gold pieces.
You see here a +0 dagger.
A ball python comes into view.
The ball python hisses angrily.
An endoplasm comes into view.
There are monsters nearby!
There are monsters nearby!
Found a scroll labelled KAOR CAG KICO.
The endoplasm quivers.
You closely miss the ball python. The ball python barely misses you.
The ball python closely misses you.
You slash the ball python!
You kill the ball python!
The endoplasm hits you but does no damage.
You barely miss the endoplasm. You block the endoplasm's attack.
You hit the endoplasm.
The endoplasm is severely wounded.
The endoplasm barely misses you.
You hit the endoplasm.
The endoplasm is severely wounded.
The endoplasm freezes you.
You are frozen.
The endoplasm hits you but does no damage.
You slash the endoplasm!
You kill the endoplasm!
No target in view!
No target in view!
No target in view!
No target in view!
A ball python comes into view.
You see here a scroll labelled KAOR CAG KICO.
A ball python is nearby!
A ball python is nearby!
Found a stone staircase leading down.
You slash the ball python!
You kill the ball python!
No target in view!
No target in view!
f - 2 scrolls labelled KAOR CAG KICO (gained 1)
You open the door.
There is an open door here.
A bat comes into view.
Found 10 gold pieces.
A bat is nearby!
A bat is nearby!
Found a faded altar of an unknown god.
The bat barely misses you.
You slash the bat!
You kill the bat!
No target in view!
No target in view!
No target in view!
You now have 21 gold pieces (gained 10).
There is a faded altar of an unknown god here.
Key pressed, stopping explore.
There is a faded altar of an unknown god here.
You see here a bat corpse.
There is an open door here.
A bat comes into view.
The bat moves out of view.
No target in view!
No target in view!
No target in view!
Unknown command.
A bat is nearby!
A bat is nearby!
A bat is nearby!
A bat is nearby!
You hit the bat but do no damage. The bat barely misses you.
You slash the bat!
You kill the bat!
No target in view!
Found a trident.
No target in view!
No target in view!
No target in view!
No target in view!
No target in view!
You see here a +0 trident.
Found a rapier.
An endoplasm comes into view.
The endoplasm quivers.
An endoplasm is nearby!
An endoplasm is nearby!
An endoplasm is nearby!
You slash the endoplasm!
You kill the endoplasm!
No target in view!
No target in view! 2 jackals come into view.
The jackal barks! x2
You block the jackal's attack.
The jackal moves out of view.
A jackal comes into view.
There are monsters nearby!
You barely miss the jackal.
The jackal bites you but does no damage.
There are monsters nearby!
You hit the jackal.
You kill the jackal!
You block the jackal's attack.
You slash the jackal!
You kill the jackal!
The jackal bites you but does no damage.
A jackal comes into view.
The jackal bites you but does no damage.
You closely miss the jackal.
The jackal barks!
The jackal barely misses you.
You slash the jackal!
You kill the jackal!
The jackal barely misses you. The jackal closely misses you.
Your Long Blades skill increases to level 3!
You barely miss the jackal. The jackal bites you.
The jackal bites you but does no damage.
You slash the jackal!
You kill the jackal!
No target in view!
No target in view!
No target in view!
No target in view!
No target in view!
No target in view!
No target in view!
No target in view!
You see here a jackal corpse.
A kobold comes into view. It is wielding a +0 dagger.
The kobold shouts!
A kobold is nearby!
A kobold is nearby!
A kobold is nearby!
Found 11 gold pieces.
The kobold closely misses you.
You barely miss the kobold. The kobold hits you with a +0 dagger.
You block the kobold's attack.
You hit the kobold but do no damage. The kobold closely misses you.
Your scale mail prevents you from hitting the kobold.
The kobold hits you but does no damage.
You slash the kobold!
You kill the kobold!
No target in view!
No target in view!
You see here a +0 dagger.
Found an escape hatch in the floor.
You now have 32 gold pieces (gained 11).
As you open the door, it creaks loudly!
There is an open door here.
There is an escape hatch in the floor here.
There is an escape hatch in the floor here.
There is an open door here.
Partly explored, can't reach some places.
Partly explored, can't reach some places.
Partly explored, can't reach some places.
No target in view!
No target in view!
No target in view!
No target in view!
Partly explored, can't reach some places.
Search for what [? for help]? alt
There is a staircase leading out of the dungeon here.
There is an open door here.
You see here a bat skeleton.
There is a faded altar of an unknown god here.
You cannot tell which god this altar belongs to.
Convert to them anyway?
Uskayaw accepts your prayer! Uskayaw welcomes you!
You can now stomp with the beat.
Unknown command.
Press < or > to pray at altars.
(D) Dungeon
Where to? (Enter - D:1 @ (x,y), ? - help)
Okay, then.
Partly explored, can't reach some places.
Partly explored, can't reach some places.
Partly explored, can't reach some places.
(D) Dungeon
Where to? (Enter - D:1 @ (x,y), ? - help)
You see here a bat skeleton.
There is an open door here.
There is a stone staircase leading down here.
You climb downwards.
The adder hisses angrily.
You hear an angry hiss.
Found a robe and a scroll labelled BEL QIFRUFOEL.
There is a stone staircase leading up here.
An adder is nearby!
An adder is nearby!
An adder is nearby!
An adder is nearby!
A bat comes into view.
The bat hits you. The bat closely misses you.
You closely miss the bat. You block the bat's attack.
The bat barely misses you.
You closely miss the adder. The bat hits you but does no damage. x2
The adder barely misses you. The adder bites you but does no damage.
You closely miss the adder. The bat hits you but does no damage.
The adder bites you but does no damage. The adder barely misses you.
You barely miss the adder. The bat barely misses you.
The adder bites you but does no damage. The bat barely misses you.
You miss the adder. You block the bat's attack. The adder misses you.
The bat hits you but does no damage. The adder bites you but does no damage.
You closely miss the adder. You block the bat's attack.
The adder closely misses you. The bat hits you but does no damage.
A ball python comes into view.
The adder barely misses you.
You barely miss the adder.
The ball python hisses angrily.
The bat hits you but does no damage. The adder barely misses you.
The adder closely misses you.
You closely miss the adder. The bat closely misses you. x2
The adder bites you.
You barely miss the adder. The bat hits you but does no damage.
The adder barely misses you. The bat barely misses you.
The adder closely misses you.
You slash the adder!
The adder is severely wounded.
The bat closely misses you. The bat barely misses you. The adder misses you.
The bat hits you but does no damage.
You hit the adder but do no damage.
The adder is severely wounded.
The bat barely misses you. You block the adder's attack.
The ball python misses you. The ball python grabs you.
The ball python constricts you. The adder barely misses you.
The ball python bites you but does no damage.
The ball python constricts you.
You completely miss the adder.
The adder is severely wounded.
The bat hits you. The adder bites you.
You are poisoned.
The adder poisons you!
The ball python bites you but does no damage.
The ball python constricts you. The adder bites you but does no damage.
You hit the adder.
The adder is severely wounded.
You feel sick. The bat hits you but does no damage.
The ball python barely misses you. The ball python constricts you.
An adder comes into view.
The adder bites you but does no damage.
The ball python bites you but does no damage.
The ball python constricts you. The adder closely misses you.
The adder hisses angrily.
You hit the adder.
You kill the adder!
You feel sick. The bat hits you but does no damage. x2
You block the ball python's attack. The ball python constricts you.
The bat hits you but does no damage.
The ball python bites you but does no damage.
The ball python constricts you.
You can now pass through a line of other dancers.
You have reached level 3!
Your experience leads to an increase in your attributes!
Increase (S)trength, (I)ntelligence, or (D)exterity?
You feel stronger.
You escape the ball python's grasp.
You feel sick.
You are no longer poisoned.
You block the bat's attack. The bat closely misses you.
There is a stone staircase leading up here.
Unknown command.
You block the bat's attack.
The ball python bites you but does no damage.
The ball python grabs you.
You stop ascending the stairs.
The ball python constricts you.
The ball python bites you but does no damage.
The ball python constricts you.
Unknown command.
Unknown command.
You escape the ball python's grasp.
You block the bat's attack.
You climb upwards.
There is a stone staircase leading down here.
Unknown command.
Unknown command.
You slash the ball python!
You kill the ball python!
You see here a ball python corpse.
You start resting.
You can no longer pass through a line of other dancers.
HP restored.
Unknown command.
You see here a ball python corpse.
There is a stone staircase leading down here.
You see here a +0 hunting sling.
There is a stone staircase leading down here.
You climb downwards.
Found a potion of might.
Found an escape hatch in the ceiling.
There is a stone staircase leading up here.
A ball python comes into view.
The ball python hisses angrily.
A ball python is nearby!
A ball python is nearby!
A ball python is nearby!
There is a stone staircase leading up here.
You slash the ball python!
You kill the ball python!
No target in view!
No target in view!
An adder comes into view.
An adder is nearby!
An adder is nearby!
An adder is nearby!
The adder hisses angrily.
You slash the adder!
You kill the adder!
No target in view!
No target in view!
d - 2 potions of might (gained 1)
Found a scale mail.
An endoplasm comes into view.
The endoplasm quivers.
An endoplasm is nearby!
An endoplasm is nearby!
The endoplasm hits you but does no damage.
You slash the endoplasm!
You kill the endoplasm!
No target in view!
No target in view!
You see here a +0 scale mail.
Found a dagger.
You see here a +0 dagger.
An adder is nearby!
An adder is nearby!
The adder hisses angrily.
You barely miss the bat. The bat barely misses you.
The bat hits you but does no damage.
You hit the adder but do no damage. The bat hits you but does no damage.
The adder completely misses you. The adder bites you.
You closely miss the adder. The bat barely misses you.
The adder bites you but does no damage.
You barely miss the adder. You block the bat's attack.
The bat hits you but does no damage. The adder bites you but does no damage.
The adder bites you.
Your scale mail prevents you from hitting the adder.
The bat closely misses you. The adder bites you but does no damage.
The bat barely misses you.
You closely miss the adder. The bat hits you but does no damage.
The adder barely misses you. The adder bites you but does no damage.
Your scale mail prevents you from hitting the adder.
The bat closely misses you. The bat hits you but does no damage.
The adder misses you. The adder bites you but does no damage.
You barely miss the adder. You block the bat's attack.
The adder closely misses you.
You hit the adder.
The adder is heavily wounded.
The bat hits you but does no damage. The adder bites you but does no damage.
The adder barely misses you.
You closely miss the adder.
The adder is heavily wounded.
The bat barely misses you. The adder bites you but does no damage.
You closely miss the adder.
The adder is heavily wounded.
The adder barely misses you. The bat hits you but does no damage.
The adder closely misses you.
You slash the adder!
You kill the adder!
The bat closely misses you.
You can now pass through a line of other dancers.
You closely miss the bat. The bat hits you.
You slash the bat!
You kill the bat!
No target in view!
No target in view!
No target in view!
No target in view!
No target in view!
No target in view!
No target in view!
No target in view!
You can no longer pass through a line of other dancers.
HP restored.
i - a scroll labelled BEL QIFRUFOEL
Found an escape hatch in the floor.
No target in view!
Found a short sword.
An adder comes into view.
The adder hisses angrily.
An endoplasm comes into view.
There are monsters nearby!
The endoplasm quivers.
A rat comes into view.
You slash the adder!
The adder is severely wounded.
The adder bites you but does no damage. x2
You miss the adder.
The adder is severely wounded.
The adder barely misses you. The endoplasm barely misses you.
You hit the adder.
The adder is almost dead.
The adder bites you.
The endoplasm hits you but does no damage.
The rat closely misses you. The adder closely misses you.
You can now pass through a line of other dancers.
You miss the adder.
The adder is almost dead.
The endoplasm freezes you.
You are frozen.
The adder bites you.
You are poisoned.
The adder poisons you! The rat bites you but does no damage.
You barely miss the adder.
The adder is almost dead.
You feel sick. You block the adder's attack. The endoplasm freezes you.
You are frozen.
The rat bites you but does no damage. The adder bites you but does no damage.
The endoplasm closely misses you.
You hit the adder.
You kill the adder!
You feel sick. The rat completely misses you. You block the endoplasm's attack.
The rat bites you but does no damage.
You hit the endoplasm.
You kill the endoplasm!
You feel sick.
You are no longer poisoned.
The rat bites you but does no damage.
You are too injured to fight recklessly!
You are too injured to fight recklessly!
You are too injured to fight recklessly!
You are too injured to fight recklessly!
You are too injured to fight recklessly!
You are too injured to fight recklessly!
You are too injured to fight recklessly!
You are too injured to fight recklessly!
You are too injured to fight recklessly!
You are too injured to fight recklessly!
You are too injured to fight recklessly!
You are too injured to fight recklessly!
You are too injured to fight recklessly!
You are too injured to fight recklessly!
You are too injured to fight recklessly!
You are too injured to fight recklessly!
A rat is nearby!
You slash the rat!
You kill the rat!
You have reached level 4!
You feel stronger.
Your demonic ancestry asserts itself...
Your fingernails lengthen.
You start resting.
You can no longer pass through a line of other dancers.
HP restored.
Found a stone staircase leading up.
A ball python comes into view.
The ball python hisses angrily.
A ball python is nearby!
You hit the ball python.
You kill the ball python!
Your Long Blades skill increases to level 4!
No target in view!
No target in view!
No target in view!
No target in view!
No target in view!
No target in view!
No target in view!
No target in view!
No target in view!
No target in view!
No target in view!
No target in view!
No target in view!
An endoplasm comes into view.
The endoplasm quivers.
An endoplasm is nearby!
An endoplasm is nearby!
An endoplasm is nearby!
The endoplasm hits you but does no damage.
You hit the endoplasm.
The endoplasm is almost dead.
The endoplasm hits you but does no damage.
You hit the endoplasm.
You kill the endoplasm!
No target in view!
There is a stone staircase leading up here.
An endoplasm comes into view.
The endoplasm quivers.
An endoplasm is nearby!
An endoplasm is nearby!
You slash the endoplasm!
You kill the endoplasm!
No target in view!
No target in view!
Found a stone staircase leading down.
Found a stone staircase leading down.
You now have 37 gold pieces (gained 5).
There is a stone staircase leading down here.
Found a war axe.
No target in view!
No target in view!
No target in view!
No target in view!
No target in view!
No target in view!
No target in view!
No target in view!
No target in view!
No target in view!
No target in view!
No target in view!
No target in view!
Found a stone staircase leading down.
There is a stone staircase leading down here.
A ball python comes into view.
The ball python hisses angrily.
A ball python is nearby!
A ball python is nearby!
You hit the ball python.
You kill the ball python!
No target in view!
No target in view!
No target in view!
No target in view!
A worm comes into view.
A worm is nearby!
A worm is nearby!
A worm is nearby!
A worm is nearby!
You fall into a shaft and drop 2 floors!
The shaft crumbles and collapses.
A ball python and a wyvern come into view.
The ball python hisses angrily.
The wyvern hisses angrily.
Found a chain mail and a scroll labelled BEL QIFRUFOEL.
You slash the ball python!
You kill the ball python!
You closely miss the wyvern.
The wyvern bites you but does no damage. x2
You aren't carrying any items that you can evoke.
You feel very mighty all of a sudden.
The wyvern bites you but does no damage.
The wyvern bites you.
Your scale mail prevents you from hitting the wyvern.
The wyvern bites you!
You slash the wyvern!
The wyvern is moderately wounded.
The wyvern bites you!
* * * LOW HITPOINT WARNING * * *
The wyvern misses you.
You slash the wyvern!
The wyvern is almost dead.
You block the wyvern's attack. The wyvern closely misses you.
You can now pass through a line of other dancers.
You hit the wyvern but do no damage.
The wyvern is almost dead.
The wyvern bites you.
* * * LOW HITPOINT WARNING * * *
The wyvern closely misses you.
You completely miss the wyvern.
The wyvern is almost dead.
The wyvern bites you.
* * * LOW HITPOINT WARNING * * *
The wyvern bites you!
You die...

.# # .# #.
.# #. .#
###.##.#
#......#
##......#
#.....@.#
#..[..l.#
.........#
.....###.#
..... ..
.... .?.
... ..#
... ..#


You could see a wyvern.

Vanquished Creatures
  4 adders (D:2)
  3 bats
  6 endoplasms
  A giant cockroach (D:1)
  2 goblins (D:1)
  4 jackals (D:1)
  3 kobolds (D:1)
  A quokka (D:1)
  9 ball pythons
  A frilled lizard (D:1)
  2 rats
36 creatures vanquished.

Notes
Turn   | Place    | Note
-------+----------+-------------------------------------------
     0 | D:1      | sleeves the Demonspawn Fighter began the quest for the Orb.
     0 | D:1      | Reached XP level 1. HP: 18/18 MP: 1/1
    69 | D:1      | Reached skill level 2 in Long Blades
   195 | D:1      | Gained mutation: You are partially covered in slimy green
                  | scales. (AC +2) [demonic ancestry]
   195 | D:1      | Reached XP level 2. HP: 17/24 MP: 2/2
   427 | D:1      | Found a faded altar of an unknown god.
   563 | D:1      | Reached skill level 3 in Long Blades
   823 | D:1      | Became a worshipper of Uskayaw the Reveller
   823 | D:1      | Reached * piety under Uskayaw
   864 | D:2      | Reached ** piety under Uskayaw
   865 | D:2      | Reached XP level 3. HP: 19/29 MP: 3/3
  1199 | D:2      | Gained mutation: You have sharp fingernails. [demonic
                  | ancestry]
  1199 | D:2      | Reached XP level 4. HP: 24/35 MP: 4/4
  1321 | D:2      | Reached skill level 4 in Long Blades
  1484 | D:2      | You fall into a shaft and drop 2 floors!
  1484 | D:4      | Noticed a wyvern
  1489 | D:4      | HP: 14/35 [wyvern (10)]
  1492 | D:4      | Slain by a wyvern

Illustrated notes

Levels and vault maps discovered:
D:1:      roderic_crossed_star, layout_basic, shapermc_ecumenical_altar_gd
D:2:      minmay_diamond_boxcup, layout_loops_ring
D:4:      layout_loops_ring

Skill      XL: |  1  2  3  4 |
---------------+-------------+-----
Long Blades    | 2 3 4 |  4.0
Fighting       | |  3.0
Armour         | |  2.6
Shields        | |  2.6

Action                   |  1- 3 |  4- 6 || total
-------------------------+-------+-------++-------
Melee: Long sword        |    83 |    12 ||    95
  Use: Potion            |       |     1 ||     1
Armor: Scale mail        |    57 |     5 ||    62
Dodge: Dodged            |    66 |     3 ||    69
Block: Buckler           |    19 |     1 ||    20

Table legend: (Time is in decaauts)
 A = Elapsed time spent in this place.
 B = Non-inter-level travel time spent in this place.
 C = Inter-level travel time spent in this place.
 D = Time resting spent in this place.
 E = Time spent auto-exploring this place.
 F = Levels seen in this place.
 G = Mean time per level.
                   A        B        C        D        E       F      G
               +--------+--------+--------+--------+--------+-----+--------+
         Total |   1519 |   1380 |    139 |    289 |    857 |   3 |  506.3 |
       Dungeon |   1519 |   1380 |    139 |    289 |    857 |   3 |  506.3 |
               +--------+--------+--------+--------+--------+-----+--------+

Top non-repeatable levels by time:
     D:1: 1022 daAuts
     D:2: 487 daAuts
     D:4: 9 daAuts
